AoeStats
← Frank

Black Forest

507805382Analyzed
2v2 RM · 11d ago on Sep 19, 2026· 93m 22s· 4 players
Game mode
Random Map
Map size
Medium (4 player)
Population
200
Speed
Normal
Resources
Standard
Victory
Conquest
Starting age
Dark Age
Ending age
Imperial Age
RankedLock teamsTeams togetherTeam positionsShared explorationLock speedFull tech treeHidden civsTurbo modeCheats
Victory
Defeat
730
+16
🇹🇷 Britons · Türkiye
713
+17
🇩🇪 Teutons · Germany
806
-19
🇩🇪 Spanish · Germany
663
-17
mhmmdrkr
0:30 Loom
11:57 Feudal Age
13:16 Wheelbarrow
12:27 Town Watch
12:32 Double-Bit Axe
12:29 Horse Collar
14:00 Arson
16:03 Fletching
17:50 Gold Mining
17:52 Stone Mining
18:07 Padded Archer Armor
23:50 Castle Age
24:51 Squires
24:49 Bodkin Arrow
25:40 Gold Shaft Mining
25:17 Bow Saw
25:18 Caravan
26:45 Leather Archer Armor
29:28 Ballistics
29:05 Murder Holes
32:10 Hand Cart
31:57 Town Patrol
35:53 Imperial Age
33:47 Heavy Plow
33:53 Gambesons
36:05 Elite Longbowman
37:06 Conscription
37:49 Chemistry
38:16 Two-Man Saw
37:40 Bracer
40:09 Yeomen
43:02 Ring Archer Armor
45:54 Warwolf
50:41 Masonry
54:48 Architecture
55:00 Hoardings
you son of a bitch im in!
2:03 Loom
11:10 Feudal Age
11:47 Double-Bit Axe
19:37 Castle Age
18:11 Horse Collar
19:07 Scale Mail Armor
18:55 Man-at-Arms
19:58 Forging
22:56 Wheelbarrow
23:53 Heavy Plow
27:19 Hand Cart
33:45 Imperial Age
34:02 Bow Saw
35:13 Town Watch
37:58 Chemistry
37:26 Light Cavalry
38:09 Husbandry
39:10 Houfnice
42:38 Cavalier
43:16 Fletching
43:27 Padded Archer Armor
43:36 Scale Barding Armor
51:22 Capped Ram
55:02 Chain Barding Armor
54:58 Chain Mail Armor
55:19 Iron Casting
56:46 Town Patrol
56:51 Caravan
57:08 Guilds
61:27 Plate Mail Armor
61:58 Blast Furnace
60:56 Pikeman
61:37 Squires
62:49 Halberdier
RayBay78
0:32 Loom
12:55 Feudal Age
13:47 Horse Collar
14:45 Wheelbarrow
14:05 Double-Bit Axe
21:32 Castle Age
19:47 Gold Mining
19:50 Stone Mining
20:02 Town Watch
23:04 Hand Cart
22:53 Heavy Plow
23:33 Bow Saw
24:42 Stone Shaft Mining
24:01 Fletching
27:42 Forging
32:43 Imperial Age
30:25 Scale Mail Armor
33:01 Iron Casting
32:22 Bodkin Arrow
32:33 Scale Barding Armor
32:34 Caravan
33:58 Conscription
36:01 Chemistry
35:21 Ballistics
36:54 Two-Man Saw
36:32 Fortified Wall
37:25 Blast Furnace
39:04 Crop Rotation
39:09 Chain Mail Armor
38:55 Padded Archer Armor
38:21 Pikeman
39:02 Squires
39:17 Bloodlines
40:36 Chain Barding Armor
40:49 Capped Ram
40:55 Onager
42:02 Cavalier
44:04 Plate Barding Armor
43:39 Siege Engineers
43:24 Elite Skirmisher
47:28 Siege Onager
51:33 Halberdier
51:59 Gambesons
51:59 Arson
53:40 Plate Mail Armor
56:21 Leather Archer Armor
58:11 Masonry
57:33 Paladin
69:50 Man-at-Arms
76:21 Ironclad
76:36 Hoardings
76:22 Crenellations
86:05 Ring Archer Armor
Frank
16:27 Feudal Age
19:27 Wheelbarrow
23:37 Horse Collar
27:50 Double-Bit Axe
34:58 Castle Age
36:46 Bow Saw
36:29 Gold Mining
36:30 Stone Mining
36:51 Scale Barding Armor
36:47 Scale Mail Armor
36:58 Forging
36:39 Fletching
36:49 Padded Archer Armor
37:17 Hand Cart
38:24 Chain Barding Armor
37:43 Elite Skirmisher
39:16 Caravan
42:07 Imperial Age
40:47 Chain Mail Armor
41:08 Iron Casting
40:29 Bodkin Arrow
40:49 Leather Archer Armor
44:29 Two-Man Saw
44:29 Elite Conquistador
50:26 Thumb Ring
50:43 Thumb Ring
70:40 Chemistry
79:08 Husbandry
80:20 Cavalier
Connection lost

Rejoining the realm…

Still unreachable

The connection could not be restored.

Session expired

The server has moved on; the page needs a fresh start.